[Event "8th Montevideo Open 2025"]
[Site "Montevideo"]
[Date "2025.02.02"]
[Round "3.2"]
[White "Dominguez, Facundo"]
[Black "Coro, Lucas"]
[Result "0-1"]
[Annotator "TA"]
[ECO "B22"]
[WhiteElo "2159"]
[BlackElo "2415"]
[PlyCount "76"]
[EventDate "2025.02.01"]
[EventType "swiss"]
[EventCountry "URU"]
[SourceTitle "playchess.com"]
[Source "ChessBase"]
[SourceQuality "1"]
[TimeControl "5400+30"]

1. e4 c5 2. c3 Nf6 3. e5 Nd5 4. d4 cxd4 5. Nf3 d6 6. cxd4 e6 7. Bc4 Be7 8. O-O O-O 9. Qe2 b6 10. Nc3 Nxc3 11. bxc3 Bb7 12. Bf4 Nc6 13. Rfd1 {[%emt 0:05:42] d5 is the strong threat. B22: Sicilian: 2 c3.} dxe5 14. dxe5 Qc7 15. Bd3 {[%emt 0:00:33] The position is equal.} Rfd8 16. Ng5 Bxg5 $146 {[%emt 0:09:42] Successful Defense Black} (16... g6 17. Qe3 Rd5 18. c4 Rxe5 19. Bxe5 Nxe5 20. Qg3 Rc8 21. Bf1 Nxc4 22. Qh4 h5 23. Bxc4 Qxc4 24. Qxc4 Rxc4 {0-1 Molnar,J (2015)-Magyar,A (2235) HUN-chT 2223 2022 (3.12)}) 17. Bxg5 Rd5 18. f4 Ne7 19. Be4 (19. c4 $11 {keeps the balance.} Rd7 20. h3) 19... Rc5 20. Bxe7 Qxe7 21. Rd3 Bxe4 22. Qxe4 Rac8 23. Rad1 R5c7 {[%emt 0:00:06][%cal Og7g6] Prevents Rd7.} (23... Rxc3 $2 24. Rxc3 Rf8 (24... Rxc3 $2 {perishes.} 25. Qa8+ Qf8 26. Rd8 $18) 25. f5 exf5 26. Qxf5 $18) 24. Qb4 (24. Qe3 $11) 24... Qe8 $17 25. g3 g6 26. Kf2 Kg7 27. Qd4 Qe7 28. Qd6 Qxd6 29. exd6 {[%emt 0:00:09][%mdl 4096] Endgame KRR-KRR} Rd7 30. Ke2 Rc6 31. R1d2 Kf8 32. g4 Rc4 33. Ke3 Ke8 34. g5 Rd8 35. Rb2 Kd7 36. Rb3 (36. Rb4 $142 Rdc8 37. Rxc4 Rxc4 38. Kf3) 36... Ra4 37. a3 Rc8 38. Rb1 $2 {[%emt 0:00:34] [#]} (38. Rd4 $17 Ra5 (38... Rxd4 $2 39. Kxd4 Rc5 40. Rb4 $19) 39. a4) 38... Rxa3 {[%emt 0:00:27] Weighted Error Value: White=0.23 (precise) /Black=0.04 (flawless)   Loses game:     	White=1     	---        Mistake:       	White=3     	---        Inaccurate:     	White=1     	Black=2      OK:         	White=6     	Black=16} 0-1

[Event "8th Montevideo Open 2025"]
[Site "Montevideo"]
[Date "2025.02.02"]
[Round "3.3"]
[White "Villca, Julian"]
[Black "Brizzi, Milagros Tatiana"]
[Result "1-0"]
[Annotator "TA"]
[ECO "D46"]
[WhiteElo "2413"]
[BlackElo "2150"]
[PlyCount "101"]
[EventDate "2025.02.01"]
[EventType "swiss"]
[EventCountry "URU"]
[SourceTitle "playchess.com"]
[Source "ChessBase"]
[SourceQuality "1"]
[TimeControl "5400+30"]

1. c4 c6 2. Nf3 d5 3. e3 Nf6 4. Nc3 e6 5. d4 Nbd7 6. b3 Bd6 7. Bd3 O-O 8. Bb2 $1 {[%emt 0:01:30][%mdl 4] is now more promising than 8.0-0.} Qe7 9. O-O e5 {[%emt 0:06:38] D46: Semi-Slav: 5 e3 Nbd7 6 Bd3, Black avoids the Meran.} 10. Nh4 g6 $146 {[%emt 0:02:47] Prevents Nf5} (10... Bb8 11. cxd5 cxd5 12. Nf5 Qe6 13. Ng3 e4 14. Be2 g6 15. Qd2 h5 16. Rfc1 a6 17. a4 {1-0 Shamatava,N (1888)-Torosyan,V (1874) Poti op 16th 2023 (8)}) 11. cxd5 e4 {[%emt 0:02:35] Black sacrificed a pawn} (11... exd4 $11 12. exd4 Nxd5) 12. dxc6 $1 $14 bxc6 13. Be2 Nb6 14. g3 $1 Qe6 15. Ng2 Nbd5 16. Qd2 Qh3 17. f3 exf3 ({Black should try} 17... Bf5) 18. Bxf3 $16 {[%emt 0:00:13] [#] Successful Defense White} Ba6 19. Rf2 Nb4 $2 {[%emt 0:06:49] Loses the game.} (19... Rae8 $16) 20. Be2 $18 Ng4 21. Nf4 Bxf4 22. Bxg4 Qxg4 23. Rxf4 Qe6 (23... Qd7 24. Ne4 Nd5) 24. Ba3 c5 25. Bxb4 (25. dxc5 Nd3 26. Ra4 Rad8 $16) (25. Ne4 $142 Nd3 26. Nxc5 (26. Nf6+ Kh8 $18) 26... Nxc5 27. Bxc5) 25... cxb4 26. Ne4 {[%emt 0:00:07] Nf6+ is the strong threat.} Bb7 $2 (26... f5) 27. Nc5 (27. Nf6+ $142 Kg7 28. Raf1 (28. Qxb4 Qxe3+ 29. Rf2 Rfb8 $18)) 27... Qb6 (27... Qe7 {was necessary.} 28. e4 (28. Qxb4 Qxe3+ 29. Rf2 Bc6 $16) 28... a5) 28. Nd7 Qc6 {[%emt 0:00:05] Strongly threatening ...Qh1+.} 29. Nf6+ (29. Nxf8 Qh1+ 30. Kf2 Qxa1 $19 (30... Qxh2+ 31. Ke1 $11)) 29... Kg7 30. d5 {[%emt 0:00:04] Active counter play!} (30. Qxb4 $2 Qg2#) 30... Qc3 31. Qxc3 bxc3 32. Rc1 Rac8 33. e4 Rfd8 34. g4 h6 35. h4 Rd6 (35... c2 $142 36. Rf3 Rd6) 36. e5 Ra6 (36... Rxd5 $142 37. Nxd5 Bxd5) 37. d6 Rxa2 38. d7 Rd8 ({But not} 38... Rg2+ 39. Kf1 Rd8 40. Rb4 $18 (40. Rxc3 Rd2 $18)) 39. Rxc3 Re2 $2 (39... Rg2+ 40. Kf1 Rd2) 40. Rc7 Ba6 41. Ne8+ Kg8 42. Nd6 Rxe5 43. Nxf7 Re1+ 44. Kg2 g5 45. hxg5 hxg5 46. Rf2 {[%emt 0:00:18] White mates.} Bd3 47. Nxd8 Be4+ {[%emt 0:00:03] [#]} 48. Rf3 $1 Re3 49. Ne6 Rxf3 50. Rc8+ Kf7 51. Nxg5+ {[%emt 0:00:05] Weighted Error Value: White=0.24 (precise) /Black=1.04  Loses game:     	---       	Black=1      Mistake:       	White=2     	Black=8      Inaccurate:     	White=2     	Black=2      OK:         	White=11    	Black=9      Best:        	White=3     	Black=2      Strong:       	White=2     	---} ({And not} 51. d8=B Rc3+ (51... Kxe6 52. Kh2 $11) (51... Rxb3+ 52. Kf2 $11) 52. Kf2 Rxc8 53. Nxg5+ Kg6 $19) 1-0

[Event "8th Montevideo Open 2025"]
[Site "Montevideo"]
[Date "2025.02.02"]
[Round "3.4"]
[White "Hoffman, Alejandro"]
[Black "Bauza, Alejandro"]
[Result "1-0"]
[Annotator "TA"]
[ECO "B38"]
[WhiteElo "2368"]
[BlackElo "2116"]
[PlyCount "65"]
[EventDate "2025.02.01"]
[EventType "swiss"]
[EventCountry "URU"]
[SourceTitle "playchess.com"]
[Source "ChessBase"]
[SourceQuality "1"]
[TimeControl "5400+30"]

1. Nf3 Nf6 2. c4 c5 3. Nc3 Nc6 4. d4 cxd4 5. Nxd4 g6 6. e4 d6 7. Be2 Bg7 8. Be3 O-O 9. O-O Bd7 10. h3 Nxd4 11. Bxd4 Bc6 12. Qc2 {[%emt 0:00:51] B38: Sicilian: Maroczy Bind with 5...Bg7 and 7...0-0.} a5 13. Rad1 Qc7 14. b3 {[%emt 0:07:45] White is slightly better.} Nd7 15. Bxg7 Kxg7 16. a3 Kg8 $146 (16... Nf6 17. Rfe1 Rfe8 {½-½ Martin,J (2390)-Hausrath,D (2469) Staufer op 33rd 2023 (4)}) 17. Rd2 b6 18. Re1 Rfd8 19. Nd5 Bxd5 20. exd5 Nf6 21. a4 Ra7 22. Bd1 Rd7 23. g4 {[%emt 0:01:47][%cal Bg2g4,Bg4g5][%mdl 32] White is more active. Black is weak on the light squares} Qd8 (23... Rd8 $16 24. g5 Ne8) 24. g5 $18 Ne8 25. Bg4 Rdc7 26. h4 Ng7 27. f4 f5 {[%emt 0:05:26] White has space advantage and is better} (27... Ra8 $16 {was worth a try.} 28. Rh2 f5) 28. Bf3 Qf8 29. Rh2 h5 $2 (29... Rc8 30. h5 Nxh5 31. Bxh5 gxh5) 30. gxh6 {[%emt 0:00:31] White is clearly winning.} Ne8 31. Rg2 {[%emt 0:02:15] [#] Re6 would now be deadly.} Qf6 32. Qf2 e5 33. h5 {[%emt 0:01:06] Weighted Error Value: White=0.03 (flawless) /Black=0.47  Mistake:       	---       	Black=3      Inaccurate:     	---       	Black=3      OK:         	White=11    	Black=6      Best:        	White=1     	---} 1-0

[Event "8th Montevideo Open 2025"]
[Site "Montevideo"]
[Date "2025.02.02"]
[Round "3.5"]
[White "Villegas, Franco"]
[Black "De Lima, Adriano Gaspar"]
[Result "1-0"]
[Annotator "TA"]
[ECO "B90"]
[WhiteElo "2325"]
[BlackElo "2073"]
[PlyCount "77"]
[EventDate "2025.02.01"]
[EventType "swiss"]
[EventCountry "URU"]
[SourceTitle "playchess.com"]
[Source "ChessBase"]
[SourceQuality "1"]
[TimeControl "5400+30"]

1. e4 c5 2. Nf3 d6 3. d4 cxd4 4. Nxd4 Nf6 5. Nc3 a6 6. Be3 Ng4 7. Bc1 Nf6 8. f3 e5 9. Nb3 Be6 10. Be3 Nbd7 {[%emt 1:23:10] now supersedes 10...Be7.} 11. Qd2 b5 12. O-O-O b4 {[%emt 0:00:30] B90: Sicilian Najdorf: Unusual White 6th moves, 6 Be3 Ng4 and 6 Be3 e5.} (12... Be7 $11) 13. Nd5 $14 Bxd5 14. exd5 Nb6 (14... a5) 15. Qxb4 $16 Nbxd5 (15... Nfxd5 $16 16. Bxb6 Nxb4 17. Bxd8 Kxd8) 16. Qa4+ $18 Qd7 17. Qxd7+ Kxd7 18. Bf2 Nc7 19. g3 $146 (19. Kb1 a5 20. Nc5+ Kc6 21. Na4 Rb8 22. c4 h5 23. Bd3 Ne6 24. h4 Be7 25. Rhe1 Rhd8 26. Bc2 g6 27. Rd2 {½-½ Velmarin,J (1770)-Kiryushin,A (1768) RC-2012-0-00099}) 19... Ne6 {[%emt 0:00:00] [#]} 20. f4 exf4 21. gxf4 Ne4 22. Be3 {[%emt 0:00:00] This pair of bishops is nice.} f5 23. Bg2 Re8 24. Bxe4 fxe4 25. f5 Nc7 26. Bd4 {[%emt 0:00:00] Repels Re5. White has more active pieces.} (26. c4 $16) 26... Rg8 $14 27. Rhf1 Kc6 (27... d5 $11) 28. Kb1 $16 Be7 29. c4 {[%emt 0:00:00][%csl Oa6,Od6] Black has weak pawns} Bf6 30. Na5+ Kd7 31. Bc5 Be5 {[%emt 0:00:00] [#]} 32. Bxd6 $1 Bxd6 33. Nb7 (33. c5 $16) 33... Kc6 34. Nxd6 (34. Rxd6+ $2 {loses.} Kxb7 35. Rd7 e3 $19) 34... Re5 35. Nf7 $36 {[%emt 0:00:00][%mdl 2048] Prevents Rd8. White has strong initiative.} Re7 {[%emt 0:00:00] [#]} (35... Ree8) 36. Nd8+ $1 $18 {[%emt 0:00:00] White is clearly winning.} Kb6 (36... Rxd8 $142 37. Rxd8 Kc5) 37. f6 Rxd8 38. fxe7 Re8 39. Rf7 {[%emt 0:00:00] Weighted Error Value: White=0.24 (precise) /Black=0.51  Mistake:       	White=3     	Black=6      Inaccurate:     	White=1     	Black=3      OK:         	White=10    	Black=8      Best:        	White=4     	Black=1      Strong:       	White=1     	---        Brilliant:      	White=1     	---} 1-0

[Event "8th Montevideo Open 2025"]
[Site "Montevideo"]
[Date "2025.02.02"]
[Round "3.6"]
[White "Carvalho, Guillermo"]
[Black "Larrea, Manuel"]
[Result "0-1"]
[Annotator "TA"]
[ECO "B31"]
[WhiteElo "2094"]
[BlackElo "2265"]
[PlyCount "116"]
[EventDate "2025.02.01"]
[EventType "swiss"]
[EventCountry "URU"]
[SourceTitle "playchess.com"]
[Source "ChessBase"]
[SourceQuality "1"]
[TimeControl "5400+30"]

1. e4 c5 2. Nf3 Nc6 3. Bb5 g6 4. O-O Bg7 5. Re1 Nf6 6. Nc3 O-O 7. e5 Ne8 8. Bxc6 dxc6 9. d3 Nc7 10. h3 Ne6 11. a4 {[%emt 0:03:44] is currently scoring better than 11.Ne4.} a5 12. Ne4 b6 13. Rb1 {[%emt 0:07:07] B31: Sicilian: 2...Nc6 3 Bb5 g6.} Ra7 14. b3 f5 15. exf6 {[%emt 0:06:08] White is slightly better.} exf6 16. Bb2 f5 $146 (16... Re7 17. Qd2 Nd4 18. Nxd4 cxd4 19. Ng3 c5 20. Rxe7 Qxe7 21. Re1 Qd6 22. Bc1 f5 {1-0 Adams,M (2708)-Kramnik,V (2760) FIDE-Wch k.o. g/15+10 rapid 1999 (5.5)}) 17. Bxg7 Rxg7 18. Ng3 f4 $36 {[%emt 0:09:57][%mdl 2048] Black has some pressure.} 19. Nf1 {[%emt 0:00:27] [#]} (19. Ne4 $11 {was the only way to keep the balance.}) 19... g5 $1 $17 20. N1h2 (20. d4 $17 Nxd4 (20... cxd4 21. Qd3 $17) 21. N1h2) 20... h5 $19 21. Ne5 f3 22. Re3 $2 ({Much weaker is} 22. gxf3 Nf4 23. Qd2 Nxh3+ (23... Bxh3 $2 24. Re3 $19) 24. Kh1 g4 $19) (22. Nxc6 $2 Qd6 (22... Qe8 $2 23. d4 $19) 23. Nxf3 (23. Ne5 $2 fxg2 24. Kxg2 Nf4+ 25. Kf1 Bxh3+ 26. Kg1 Be6 $19) 23... Qxc6) (22. Nhxf3 g4 23. hxg4 (23. Nxc6 $2 Qf6 $19) 23... hxg4) (22. g3 {was worth a try.}) 22... fxg2 23. Qxh5 Nf4 24. Qd1 Nxh3+ 25. Rxh3 Bxh3 26. Qh5 {[%emt 0:01:35] [#] Prevents Rxf2} g4 27. Nexg4 (27. Nhxg4 Bxg4) 27... Bxg4 28. Nxg4 {[%emt 0:00:20] Black must now prevent Nh6+.} Qg5 29. Qxg5 Rxg5 {[%emt 0:00:03][%mdl 4096] Endgame KRR-KRN} 30. Nh2 (30. Ne3 $142 Rf4 31. Re1) 30... Re8 31. Nf3 Rg7 32. Re1 {[%emt 0:00:35] Wards off Re6} Rxe1+ 33. Nxe1 {[%emt 0:00:08] KR-KN} b5 34. Nxg2 bxa4 35. bxa4 Rb7 36. Kf1 Rb4 37. Ke1 c4 38. Kd2 cxd3 ({Not} 38... Rxa4 39. d4 $19) 39. Kxd3 (39. cxd3 $142 Rxa4 40. Ne3) 39... Rxa4 40. Ne3 Kf7 41. Nc4 Ke6 42. Kc3 c5 43. f3 Kf5 {[%emt 0:01:40] Strongly threatening ...Ke6.} 44. Nd6+ Ke5 45. Nc4+ Ke6 46. f4 Ra1 $2 (46... Rb4 47. Nxa5 Kd5 (47... Rxf4 $2 48. Nb3 $19)) 47. Kb2 Ra4 (47... Rh1 $142 48. f5+ Kxf5 49. Nxa5 Ke5) 48. Kc3 Ra1 $2 (48... Rb4 49. Nxa5 Rxf4) 49. Kb2 Rf1 50. Nxa5 Kd5 {[%cal Oc5c4] ( -> ...c4!) Black is more active.} 51. Nb3 $2 (51. c4+ $17 Kd6 52. Nb3) 51... Rxf4 52. Nd2 Rg4 (52... Rf2 $142 53. Nb1 Rf8 54. Nc3+ Kc4 55. Ne2 Re8 56. Ng3 Kb4 57. Nf5 Re5 58. Ng3 c4 59. c3+ Ka4 60. Kc2 Rg5 61. Ne4 Rg2+ 62. Kd1 Kb3 63. Ke1 Rh2 64. Kd1 Ra2 (64... Rh4 $2 65. Nd6 $19) 65. Ke1 Ra5 66. Nf2 Kxc3 67. Nh3 Re5+ 68. Kf2 Rh5 69. Ng1 Kd3 70. Nf3 Rf5 71. Kg2 Rxf3 72. Kxf3 c3 73. Kf4 c2 74. Kf5 c1=Q (74... c1=B 75. Kg6 $11) 75. Ke6 Qc5 76. Kf6 Qd6+ 77. Kg7 Qe7+ 78. Kh6 Ke4 79. Kh5 Kf5 80. Kh6 Qd7 81. Kh5 Qh7#) 53. Nb1 Rg3 (53... Kd4 $142 54. Nc3 Rg7 55. Ne2+ Kc4) 54. Nd2 Rh3 (54... Kd4 $142 55. Nb3+ Kd5) 55. Nb1 Kd4 {[%emt 0:00:14] ( -> ...c4)} 56. Nd2 c4 {[%emt 0:00:17] Black mates.} 57. Nb1 Rh8 58. Na3 Rb8+ {[%emt 0:00:23] Weighted Error Value: White=0.92/Black=1.01  Loses game:     	White=1     	---        Mistake:       	White=5     	Black=1      Inaccurate:     	White=3     	Black=1      OK:         	White=6     	Black=8      Best:        	White=4     	Black=4      Strong:       	---       	Black=1} 0-1

[Event "8th Montevideo Open 2025"]
[Site "Montevideo"]
[Date "2025.02.02"]
[Round "3.7"]
[White "De Dovitiis, Alejo"]
[Black "Meza, Anahi"]
[Result "1-0"]
[Annotator "TA"]
[ECO "E73"]
[WhiteElo "2225"]
[BlackElo "2038"]
[PlyCount "87"]
[EventDate "2025.02.01"]
[EventType "swiss"]
[EventCountry "URU"]
[SourceTitle "playchess.com"]
[Source "ChessBase"]
[SourceQuality "1"]
[TimeControl "5400+30"]

1. d4 Nf6 2. c4 g6 3. Nc3 Bg7 4. e4 d6 5. Be2 O-O 6. Bg5 h6 7. Be3 Nbd7 8. Qd2 Kh7 {[%emt 0:01:10] The main line 8...Kh7 scores better than 8...c5.} 9. h4 e5 {[%emt 0:03:43] E73: King's Indian: Averbakh Variation without 6...c5.} 10. h5 g5 ({Black should try} 10... Nxh5 $14 11. Bxh5 gxh5) 11. d5 $16 Nc5 {[%emt 0:01:40] White is better.} 12. f3 a5 13. g4 Ne8 14. Nh3 Bf6 15. Nf2 Bd7 16. Rd1 Be7 $146 (16... Ng7 17. O-O b6 18. b3 Qe7 19. Nb5 Rfc8 20. Nh1 Qd8 21. Ng3 Ne8 22. Qc2 Be7 {1-0 Ionescu,C (2525)-Lopez,S Berga op 1996}) 17. Kf1 Nf6 18. Kg2 Ra6 19. b3 Qc8 20. Rc1 Ra8 21. Qb2 Ng8 22. Nb1 Re8 23. Nd2 Na6 24. a3 {[%emt 0:13:29] White is more active.} Nc5 25. b4 (25. Bxc5 dxc5 26. f4 (26. Qxe5 Bf6 $16) 26... gxf4 $11) 25... axb4 26. axb4 Na4 27. Qb3 {[%emt 0:01:36] White has space advantage and is better} b6 (27... c5 $142 28. Ra1 Qc7) 28. Ra1 $18 Qb7 29. Nd3 f5 (29... Reb8 30. Rhc1 Nf6) 30. exf5 e4 $2 {[%emt 0:00:49] [#]} (30... Nf6 {is a better defense.} 31. Nf2 b5) 31. fxe4 Bf6 32. Rac1 {[%emt 0:00:24] Prevents Nc3.} Bg7 33. Bf3 c6 34. dxc6 Bxc6 35. b5 Bxe4 36. Nxe4 (36. Bxe4 Rxe4 37. Nxe4 Qxe4+ 38. Kf2 Nc3 $17 (38... Qxg4 39. Qd1 $14) (38... Nf6 $2 39. Rhg1 $19)) 36... Rxe4 37. Nf2 (37. Bxe4 $2 {loses.} Qxe4+ 38. Kf2 Nf6 $19 (38... Qxg4 39. Qd1 $14)) 37... Nf6 38. Bd4 d5 39. Bxf6 Bxf6 40. cxd5 Rf4 41. d6 Qb8 42. Rc7+ Bg7 43. Qf7 {[%emt 0:01:20][%csl Gc7][%cal Rf7g7] [#]} Qf8 44. Qxg7+ {[%emt 0:02:56] Weighted Error Value: White=0.39/Black=0.71  Mistake:       	---       	Black=4      Inaccurate:     	White=1     	Black=1      OK:         	White=11    	Black=5} (44. Qg6+ $142 Kh8 45. Bxa8 Qxa8+ 46. Kg1) 1-0

[Event "8th Montevideo Open 2025"]
[Site "Montevideo"]
[Date "2025.02.02"]
[Round "3.8"]
[White "Komarov, Leonid"]
[Black "Coppola, Claudio"]
[Result "1/2-1/2"]
[Annotator "TA"]
[ECO "D07"]
[WhiteElo "1956"]
[BlackElo "2220"]
[PlyCount "107"]
[EventDate "2025.02.01"]
[EventType "swiss"]
[EventCountry "URU"]
[SourceTitle "playchess.com"]
[Source "ChessBase"]
[SourceQuality "1"]
[TimeControl "5400+30"]

1. d4 d5 2. c4 e5 3. dxe5 d4 4. Nf3 Nc6 5. a3 Nge7 6. e3 dxe3 {[%emt 0:10:49] D07: Queen's Gambit: Chigorin Defence.} 7. Qxd8+ (7. fxe3 Qxd1+ 8. Kxd1 Ng6 $15) 7... Nxd8 8. Bxe3 Ndc6 {[%emt 0:00:14][%cal Bd8c6,Bc6e5,Be5d3][%mdl 32] White is better.} 9. Nc3 {[%emt 0:00:20] [#] White is more active.} Bg4 (9... Bd7 $14) 10. Be2 $146 (10. O-O-O $16) (10. O-O-O a6 11. Bf4 h6 12. h4 Ng6 13. Bg3 h5 14. e6 fxe6 15. Bd3 Rh6 16. Bxc7 Bxf3 17. gxf3 {1-0 Suarez Martinez,Y (2028)-Garcia Romagosa,A Giraldilla de La Habana op 2018 (8)}) 10... Bxf3 ({Black should try} 10... O-O-O $1 $14) 11. Bxf3 (11. gxf3 $16 {aiming for 0-0-0.} Nxe5 12. O-O-O) 11... O-O-O $1 $14 12. O-O Nxe5 13. Be2 Nf5 14. Bf4 (14. Bxa7 b6 15. Rfd1 Bc5 $19) 14... Nd3 15. Bg5 {[%emt 0:07:32] This pair of bishops is nice.} Be7 16. Bxe7 Nxe7 17. Bxd3 Rxd3 18. Rfd1 Rxd1+ 19. Rxd1 $11 {[%emt 0:00:01][%mdl 4096] Endgame KRN-KRN} Nc6 20. Kf1 Na5 21. Rd4 Re8 22. g3 Nb3 23. Rd1 c6 24. Kg2 f5 25. Rd3 g5 26. Nb5 cxb5 27. Rxb3 bxc4 {[%emt 0:00:07] KR-KR. Black is a pawn up.} 28. Rb5 Re2 29. Rxf5 {[%emt 0:08:19] [#]} (29. Kf3 $15 Rc2 30. Rxf5) 29... b6 ({Stronger than} 29... Rxb2 30. Rc5+ Kd7 31. Rxc4 $16) (29... Kd7 $1 $17 30. Rc5 (30. Rxg5 Rxb2 31. Kf3 c3 $11) 30... Rc2) 30. Rb5 $1 Kc7 31. Rb4 Rc2 32. b3 $1 c3 (32... Kc6 {simplifies} 33. bxc4 a6 34. Rb3 Rxc4 35. Re3 a5) 33. Rc4+ Kd6 34. Kf3 b5 35. Rc8 a5 36. b4 axb4 37. axb4 Rb2 38. Rxc3 Rxb4 39. h3 Ra4 40. Rc8 Ra7 41. Rb8 {[%emt 0:00:16] The position is equal.} Kc6 42. Ke4 Re7+ 43. Kd4 Rf7 44. Rg8 Rf5 45. Rg7 h5 46. Rg6+ Kc7 47. g4 hxg4 48. hxg4 Rf4+ 49. Kc5 b4 50. Rxg5 b3 51. Rg7+ Kb8 {[%emt 0:00:21][%cal Of4b4] ...Rb4! is the strong threat.} 52. Re7 b2 53. Re1 Rxf2 54. Rb1 {[%emt 0:00:44] Weighted Error Value: White=0.10 (very precise) /Black=0.10 (very precise)   Mistake:       	White=3     	Black=3      Inaccurate:     	White=2     	Black=2      OK:         	White=21    	Black=19     Best:        	White=2     	---        Strong:       	White=2     	Black=1} 1/2-1/2

[Event "8th Montevideo Open 2025"]
[Site "Montevideo"]
[Date "2025.02.02"]
[Round "3.9"]
[White "Quevedo, Andreina"]
[Black "Vazquez, Facundo"]
[Result "0-1"]
[Annotator "TA"]
[ECO "B22"]
[WhiteElo "1860"]
[BlackElo "2404"]
[PlyCount "62"]
[EventDate "2025.02.01"]
[EventType "swiss"]
[EventCountry "URU"]
[SourceTitle "playchess.com"]
[Source "ChessBase"]
[SourceQuality "1"]
[TimeControl "5400+30"]

1. e4 c5 2. Nf3 e6 3. c3 Nf6 4. e5 Nd5 5. d4 cxd4 6. cxd4 d6 7. Bd3 Nc6 8. O-O {[%emt 0:00:00] B22: Sicilian: 2 c3.} Ndb4 9. Bb5 a6 10. Ba4 ({Better is} 10. Bg5 $14 Be7 11. Bxc6+ Nxc6 12. Bxe7 Nxe7 13. Nc3) 10... b5 $11 11. Bb3 dxe5 12. dxe5 Qxd1 13. Rxd1 Na5 14. Bg5 $146 {[%emt 0:00:00][%csl Gg5][%cal Rd1d8] [#]} (14. Nc3 Nxb3 15. axb3 Bb7 16. Bg5 Be7 17. Bxe7 Kxe7 18. Ng5 Rhd8 19. Nce4 Bxe4 20. Nxe4 {0-1 Thyberg,A (1994)-Lindberg,B (2337) Gothenburg Kvibergspelen 2024 (2)}) 14... Bb7 15. Nbd2 h6 16. Be3 Nxb3 17. Nxb3 Bxf3 18. gxf3 Nd5 19. Rac1 Be7 20. f4 O-O (20... Kd7 {is interesting.} 21. f5 Rhc8 22. Nd4 Bd8) 21. Nd4 Rfc8 22. Kg2 Bc5 23. Kf3 Bxd4 24. Bxd4 g6 25. h4 h5 26. Bc5 Rc6 27. b3 (27. Be3 $142 Rac8 28. Rxc6 Rxc6 29. a3) 27... Rac8 $17 28. Ba3 {[%emt 0:00:00] White does not recover from this.} (28. Be3 $17 {is a better defense.}) 28... Rc3+ $19 29. Rxc3 Rxc3+ 30. Ke4 b4 31. Bc1 Rc2 {[%emt 0:00:00] Weighted Error Value: White=0.24 (precise) /Black=0.10 (very precise)   Mistake:       	White=3     	---        Inaccurate:     	White=3     	Black=3      OK:         	White=6     	Black=14} 0-1

[Event "8th Montevideo Open 2025"]
[Site "Montevideo"]
[Date "2025.02.02"]
[Round "3.10"]
[White "Martinez Tagliafico, Sergio"]
[Black "Estrada Nieto, Julian"]
[Result "0-1"]
[Annotator "TA"]
[ECO "D02"]
[WhiteElo "1831"]
[BlackElo "2195"]
[PlyCount "122"]
[EventDate "2025.02.01"]
[EventType "swiss"]
[EventCountry "URU"]
[SourceTitle "playchess.com"]
[Source "ChessBase"]
[SourceQuality "1"]
[TimeControl "5400+30"]

1. d4 Nf6 2. Nf3 d5 3. Bf4 c5 4. e3 Nc6 5. Nbd2 cxd4 6. exd4 {[%emt 0:00:09] D02: 1 d4 d5 2 Nf3 sidelines, including 2...Nf6 3 g3 and 2...Nf6 3 Bf4.} Qb6 7. Rb1 ({Better is} 7. Nb3 $11) 7... Nxd4 $15 8. Nxd4 {[%emt 0:01:09] Black is slightly better.} Qxd4 9. Bb5+ Bd7 10. Be3 (10. Bxd7+ $15 {should be considered.} Nxd7 11. Be3) 10... Qg4 $146 (10... Qb4 11. Bxd7+ Nxd7 12. O-O e6 13. c4 dxc4 14. b3 c3 15. Nc4 Rc8 16. a3 Qb5 {0-1 Zubarev,A (2372)-Dragun,K (2553) Titled Tuesday intern op 26th Dec Early blitz 2023 (2)}) 11. Qxg4 Nxg4 12. Bxd7+ Kxd7 13. c4 Nxe3 14. fxe3 e6 15. cxd5 exd5 16. Rf1 f6 17. Nb3 Bd6 18. g3 Rhe8 19. Ke2 Rac8 20. Rbc1 {[%emt 0:03:54] Prevents Rc2+.} b6 21. Rfd1 Rxc1 22. Nxc1 {[%emt 0:00:04][%mdl 4096] Endgame KRB-KRN. Black is a pawn up.} Kc6 23. Nb3 Bc5 24. Rd3 a5 25. Kf3 a4 26. Nd2 Bb4 27. Nf1 Re4 {[%emt 0:05:37] Black is more active.} 28. Rd4 (28. b3 $17) 28... Rxd4 (28... f5 $19 29. b3 axb3 30. axb3 Bc5) 29. exd4 $19 {[%emt 0:00:02] KB-KN. Black is a pawn up.} a3 30. b3 Bc3 31. Ke3 Bb2 32. g4 Bc1+ 33. Kf3 Kd6 34. Ng3 g6 {[%emt 0:02:13] Prevents Nf5+} 35. h3 Ke6 36. Ne2 Bd2 37. Ng3 b5 38. Ne2 $2 (38. Kf2 $17) 38... f5 39. Ng3 fxg4+ 40. Kxg4 h5+ 41. Kf3 Be1 {[%emt 0:01:18] [#]} 42. Ne2 (42. Nf1) 42... g5 {[%emt 0:00:29] ...Kf5 is the strong threat.} 43. Nc1 (43. Kg2 $142) 43... Kf5 44. Nd3 g4+ 45. hxg4+ hxg4+ 46. Ke2 Bc3 47. Ke3 g3 48. Kf3 {[%emt 0:02:00] [#]} Bxd4 $2 (48... g2 $1 $19 49. Kxg2 Ke4 (49... Bxd4 50. Kf3 $11) 50. Nf2+ Kxd4) 49. Kxg3 $2 {[%emt 0:00:09][%mdl 8192] Loses the game.} (49. Nf4 $17) 49... Ke4 50. Nb4 Bc5 51. Na6 Bd6+ 52. Kf2 Kd3 53. b4 Kc3 {[%emt 0:00:00][%cal Oc3b2] ( -> ...Kb2!)} 54. Nc5 Kxb4 {[%emt 0:00:00] Black mates.} 55. Nb3 Kc3 56. Ke2 d4 57. Kd1 d3 58. Nc1 Bf4 59. Nb3 Be3 60. Nd2 Kb2 61. Ne4 b4 {[%emt 0:00:32] Weighted Error Value: White=0.61/Black=0.16 (very precise)   Loses game:     	White=1     	---        Mistake:       	White=5     	Black=1      Inaccurate:     	White=1     	Black=1      OK:         	White=9     	Black=21     Best:        	White=4     	Black=4} 0-1